 Dungeon Crawl Stone Soup version 0.31.0-11-ge490571c62 (webtiles) character file.

Game seed: 11452496656674157783

48 sanka the Ruffian (level 3, 0/37 HPs)
             Began as a Troll Monk on Feb 2, 2024.
             Slain by a gnoll
             ... wielding a +0 whip
              (8 damage)
             ... on level 2 of the Dungeon.
             The game lasted 00:00:58 (978 turns).

sanka the Ruffian (Troll Monk)                       Turns: 978, Time: 00:00:59

Health: 0/37       AC:  6    Str: 19    XL:     3   Next: 50%
Magic:  11/11      EV: 10    Int:  6    God:
Gold:   70         SH:  0    Dex: 14    Spells: 2/2 levels left

rFire   . .          .
                       - Unarmed
rCold   . . .        c - orb {light}
rNeg    . . .        a - +0 robe
rPois   .            (helmet restricted)
rElec   .            e - +1 cloak
rCorr   .            (gloves unavailable)
SInv    .            (boots unavailable)
Will    .....        (no amulet)
Stlth   +            (no ring)
HPRegen 1.06/turn    o - ring of magical power
MPRegen 0.12/turn

%: no passive effects
@: glowing
A: large, unfitting armour, claws 3, regeneration 1, shaggy fur 1, tough skin 1
a: no special abilities


You were on level 2 of the Dungeon.
You visited 1 branch of the dungeon, and saw 2 of its levels.

You collected 70 gold pieces.


Innate Abilities, Weirdness & Mutations

You are too large for most types of armour.
You have claws for hands.
Your natural rate of healing is unusually fast.
You are covered in fur. (AC +1)
You have tough skin. (AC +1)


   Skills:
 - Level 3.0 Fighting
 - Level 2.4 Dodging
 + Level 4.1 Unarmed Combat


You had 2 spell levels left.
You didn't know any spells.
Your spell library was empty.

Inventory:

Armour
 a - a +0 robe (worn)
 c - an orb of light (worn)
 e - a +1 cloak (worn)
Jewellery
 o - a ring of magical power (right claw)
Talismans
 i - a beast talisman
Scrolls
 d - a scroll of noise {unknown}
 f - a scroll of enchant armour {unknown}
 h - a scroll of poison {unknown}
 j - a scroll of teleportation {unknown}
 k - a scroll of enchant weapon {unknown}
 m - a scroll of fear {unknown}
 n - a scroll of vulnerability {unknown}
 p - a scroll of identify {unknown}
Potions
 b - a potion of ambrosia
 g - a potion of mutation {unknown}
 l - 3 potions of curing {unknown}

Dungeon Overview and Level Annotations

Branches:
Dungeon (2/15)

Altars:

..........▒▒.▒ ▒.▒
▒.▒.......▒▒.▒ ▒.▒
▒....▒▒▒▒.▒▒.▒▒▒▒▒.▒
▒▒▒....▒▒.......▒▒.▒
▒..▒.....▒▒▒▒..▒.▒
▒▒▒........▒▒▒▒▒...▒
▒...▒▒▒..<....▒▒...▒▒▒
...▒▒▒▒▒.▒▒▒▒....▒...▒
..▒▒▒▒...▒ ▒...T▒.▒.▒▒▒
.▒▒ ▒..▒▒▒ ▒▒...g.....▒
▒▒
▒▒.▒▒▒▒▒▒▒▒..g).......
▒▒.................▒.▒▒
▒▒▒..........▒▒........
...(▒..▒▒▒▒▒▒▒▒▒▒...▒▒.▒
▒......▒ ▒..<▒ .▒
..▒▒▒.▒▒ ▒...▒ . ▒▒▒▒..▒
▒▒▒▒▒


You could see 2 gnolls.


Message History

The gnoll hits you with a +0 whip.
You scratch the gnoll.
The gnoll is moderately wounded.
The gnoll hits you with a +0 club! The gnoll hits you with a +0 whip.
You completely miss the gnoll.
The gnoll is moderately wounded.
The gnoll hits you from afar with a +1 heavy spear.
* * * LOW HITPOINT WARNING * * *
The gnoll hits you but does no damage. The gnoll hits you with a +0 club.
* * * LOW HITPOINT WARNING * * *
You completely miss the gnoll.
The gnoll is moderately wounded.
You scratch the gnoll.
The gnoll is severely wounded.
The gnoll closely misses you.
The gnoll hits you from afar with a +1 heavy spear!
* * * LOW HITPOINT WARNING * * *
The gnoll closely misses you.
You scratch the gnoll.
You kill the gnoll!
The gnoll closely misses you.
The gnoll hits you from afar with a +1 heavy spear.
* * * LOW HITPOINT WARNING * * *
Your Unarmed Combat skill increases to level 4!
You claw the gnoll!
The gnoll is severely wounded.
The gnoll hits you with a +0 whip!
You die...

Action                     || total
---------------------------++-------
  Melee: Unarmed           ||    59
 Armour: Robe              ||    37
  Dodge: Dodged            ||    23

Levels and vault maps discovered:
D:1:      co_arrival_random_square_maze, layout_loops_cross,
          chequers_serial_rivers_small_b
D:2:      minmay_diamond_boxcup, layout_rooms

Notes
Turn   | Place    | Note
-------+----------+-------------------------------------------
     0 | D:1      | sanka the Troll Monk began the quest for the Orb.
     0 | D:1      | Reached XP level 1. HP: 22/22 MP: 0/0
   233 | D:1      | Reached XP level 2. HP: 29/29 MP: 1/1
   799 | D:2      | Reached skill level 3 in Fighting
   835 | D:2      | Reached XP level 3. HP: 37/37 MP: 2/2
   977 | D:2      | Reached skill level 4 in Unarmed Combat
   978 | D:2      | Slain by a gnoll

Vanquished Creatures
  A gnoll (D:2)
  A ribbon worm (D:2)
  2 dart slugs (D:1)
  7 endoplasms
  3 goblins
  3 hobgoblins
  3 kobolds
  A quokka (D:1)
  4 ball pythons
  2 bats
  2 rats (D:1)
29 creatures vanquished.
